 Dungeon Crawl Stone Soup version 0.26-a0-538-ge4b5d95 (webtiles) character file.

Game seed: 15823905028010548542

880104 Balder the Skullcrusher (level 27, -1/408 (409) HPs)
             Began as a Minotaur Fighter on July 31, 2020.
             Was the Champion of the Shining One.
             Killed from afar by an orb of fire (11 damage)
             ... with a fireball
             ... on level 5 of the Realm of Zot on Aug 15, 2020.
             The game lasted 10:37:14 (96793 turns).

Balder the Skullcrusher (Minotaur Fighter)         Turns: 96793, Time: 10:37:16

HP:   -1/408 (409)  AC: 17    Str: 26    XL:     27
MP:   0/44          EV: 33    Int:  2    God:    the Shining One [******]
Gold: 9440          SH: 33    Dex: 20    Spells: 26/26 levels left

rFire    + + .     SeeInvis +   Q - +6 sacred scourge (holy)
rCold    + + +     Faith    .   T - +3 buckler {AC+3}
rNeg     + + +     Spirit   +   A - quicksilver dragon scales "Hetay" {rF++ MR+ SInv}
rPois    +         Reflect  +   G - +2 hat of the Bear Spirit {Spirit, +Rage rN+ MR++}
rElec    +         Harm     .   X - +2 ratskin cloak {*Rats rPois rN+ Str-1 Int-1 Dex+1}
rCorr    .         Rnd*Rage +   P - +3 pair of gauntlets of War {Slay+5}
MR       +++++     Rnd*Tele +   C - +2 pair of boots of Daush {*Drain +Fly rElec rC++}
Stlth    ..........             f - amulet "Dosoch" {Reflect MR+ Dex+2 SH+5}
HPRegen  0.78/turn              Z - +4 ring of slaying
MPRegen  0.29/turn              J - ring of Kimazid {*Slow rC+ rN+ MP+9 Str+4}

@: berserking, divine shield, corroded, glowing, very quick
A: retaliatory headbutt, horns 2, repulsion field 1, molten scales 1, berserk 1,
deformed body, dopey 1, mutation resistance 1, screaming 1, teleportitis 1, weak
2
0: Orb of Zot
}: 4/15 runes: decaying, silver, obsidian, gossamer
a: Divine Shield, Cleansing Flame, Summon Divine Warrior, Renounce Religion,
Evoke Berserk Rage, Evoke Flight


You were on level 5 of the Realm of Zot.
You worshipped the Shining One.
The Shining One was exalted by your worship.
You visited 14 branches of the dungeon, and saw 62 of its levels.
You visited the Abyss 1 time.
You visited 1 ziggurat, and saw 9 of its levels.
You also visited: Ossuary.

You collected 12744 gold pieces.
You spent 3304 gold pieces at shops.

Inventory:

Hand Weapons
 b - the +6 broad axe "Emeukyiq" {vorpal, rC+ MP+9}
   (You acquired it on level 12 of the Dungeon)

   It inflicts extra damage upon your enemies.
   It protects you from cold.
   It affects your magic capacity (+9).
 o - the +7 flail of Traps {freeze, rF+ Int+5}
   (You found it on level 5 of the Vaults)

   It has been specially enchanted to freeze those struck by it, causing extra
   injury to most foes and up to half again as much damage against particularly
   susceptible opponents.
   It can also slow down cold-blooded creatures.
   It affects your intelligence (+5).
   It protects you from fire.
 Q - a +6 sacred scourge of holy wrath (weapon)
Missiles
 p - 12 poisoned darts (quivered)
Armour
 g - +6 acid dragon scales
 u - a +2 cloak of stealth
 z - a +1 cloak of preservation
 A - the quicksilver dragon scales "Hetay" (worn) {rF++ MR+ SInv}
   (Okawaru gifted it to you on level 13 of the Dungeon)

   It greatly protects you from fire.
   It affects your resistance to hostile enchantments.
   It lets you see invisible.
 C - the +2 pair of boots of Daush (worn) {*Drain +Fly rElec rC++}
   (You bought it in a shop on level 2 of the Orcish Mines)

   It greatly protects you from cold.
   It insulates you from electricity.
   It lets you fly.
   It causes draining when unequipped.
 G - the +2 hat of the Bear Spirit (worn) {Spirit, +Rage rN+ MR++}
   (You bought it in a shop on level 2 of the Depths)

   It protects you from negative energy.
   It affects your resistance to hostile enchantments.
   It lets you go berserk.
 P - the +3 pair of gauntlets of War (worn) {Slay+5}
   (You found it on level 8 of a ziggurat)

   It affects your accuracy and damage with ranged weapons and melee attacks
   (+5).
 T - a +3 buckler of protection (worn)
 X - the +2 ratskin cloak (worn) {*Rats rPois rN+ Str-1 Int-1 Dex+1}
   (You found it on level 1 of the Lair of Beasts)

   It affects your strength (-1).
   It affects your intelligence (-1).
   It affects your dexterity (+1).
   It protects you from poison.
   It protects you from negative energy.
Jewellery
 c - a +4 ring of evasion
 e - an uncursed amulet of regeneration
 f - the amulet "Dosoch" (around neck) {Reflect MR+ Dex+2 SH+5}
   (You found it on level 5 of the Realm of Zot)

   [amulet of reflection]

   It shields you and reflects attacks.
   It affects your dexterity (+2).
   It affects your resistance to hostile enchantments.
   It affects your SH (+5).
 J - the ring of Kimazid (right hand) {*Slow rC+ rN+ MP+9 Str+4}
   (You found it on level 3 of the Vaults)

   [ring of magical power]

   It affects your strength (+4).
   It protects you from cold.
   It protects you from negative energy.
   It affects your magic capacity (+9).
   It may slow you when you take damage.
 N - the ring of Okawaru's Benevolence {*Drain rPois rC+++ MR+ Str+4}
   (You found it on level 3 of the Vaults)

   [ring of protection from magic]

   It affects your strength (+4).
   It renders you almost immune to cold.
   It protects you from poison.
   It affects your resistance to hostile enchantments.
   It causes draining when unequipped.
 W - the ring of Shadows {Umbra +Inv Stlth+}
   (You found it on level 5 of the Vaults)

   [ring of stealth]

   It lets you turn invisible.
   It makes you more stealthy.
 Y - a +6 ring of dexterity
 Z - a +4 ring of slaying (left hand)
Wands
 n - a wand of polymorph (48)
 v - a wand of enslavement (4)
 E - a wand of digging (25)
 I - a wand of iceblast (52)
 K - a wand of acid (8)
 R - a wand of flame (72)
 S - a wand of paralysis (16)
 U - a wand of disintegration (10)
Scrolls
 d - 9 scrolls of fear
 j - 19 scrolls of identify
 k - 14 scrolls of fog
 l - 13 scrolls of teleportation
 q - 31 scrolls of remove curse
 w - a scroll of enchant weapon
 x - 2 scrolls of silence
 O - 2 scrolls of blinking
 V - a scroll of holy word
Potions
 a - a potion of brilliance
 h - 21 potions of curing
 i - 4 potions of mutation
 r - 6 potions of berserk rage
 s - 4 potions of cancellation
 t - 5 potions of heal wounds
 B - 4 potions of resistance
 D - 2 potions of haste
 F - 7 potions of might
 L - 3 potions of ambrosia
Miscellaneous
 m - a phantom mirror
 y - a box of beasts (3/3)
 H - a lightning rod (4/4)
 M - a phantom mirror


   Skills:
 O Level 27 Fighting
   Level 15.1 Short Blades
 + Level 20.8(26.1) Axes
 O Level 27 Maces & Flails
 * Level 19.6 Throwing
 * Level 22.4 Armour
 * Level 23.5 Dodging
 + Level 2.6 Stealth
 + Level 24.9 Shields
 * Level 19.3 Invocations
 + Level 5.4 Evocations


You had 26 spell levels left.
You didn't know any spells.
Your spell library contained the following spells:

 Spells                   Type           Power        Failure   Level
 Animate Skeleton         Necr           #.....       63%         1
 Apportation              Tloc           #.....       63%         1
 Beastly Appendage        Tmut           #.....       63%         1
 Corona                   Hex            #......      63%         1
 Foxfire                  Conj/Fire      #...         63%         1
 Freeze                   Ice            #...         63%         1
 Magic Dart               Conj           #...         63%         1
 Sandblast                Erth           #.....       63%         1
 Sting                    Tmut/Pois      #...         63%         1
 Summon Small Mammal      Summ           #...         63%         1
 Call Imp                 Summ           #.......     77%         2
 Corpse Rot               Necr/Air       N/A          77%         2
 Ensorcelled Hibernation  Hex/Ice        #.....       77%         2
 Passwall                 Tmut/Erth      #.......     77%         2
 Poisonous Vapours        Pois/Air       #.....       77%         2
 Searing Ray              Conj           #.....       77%         2
 Slow                     Hex            #.......     77%         2
 Sublimation of Blood     Necr           #.........   77%         2
 Swiftness                Air            #.......     77%         2
 Wereblood                Tmut           #.......     77%         2
 Call Canine Familiar     Summ           #.......     94%         3
 Confusing Touch          Hex            #.......     94%         3
 Conjure Flame            Conj/Fire      #.......     94%         3
 Dazzling Flash           Conj/Hex       #.....       94%         3
 Frozen Ramparts          Ice            #.....       94%         3
 Gell's Gravitas          Tloc           #.........   94%         3
 Ignite Poison            Fire/Tmut/Pois #.......     94%         3
 Inner Flame              Hex/Fire       #.......     94%         3
 Lesser Beckoning         Tloc           #.........   94%         3
 Mephitic Cloud           Conj/Pois/Air  #.......     94%         3
 Ozocubu's Armour         Ice            #.......     94%         3
 Portal Projectile        Hex/Tloc       #.....       94%         3
 Spider Form              Tmut/Pois      #.........   94%         3
 Static Discharge         Conj/Air       #.......     94%         3
 Stone Arrow              Conj/Erth      #.....       94%         3
 Summon Guardian Golem    Hex/Summ       #.......     94%         3
 Tukima's Dance           Hex            #.......     94%         3
 Airstrike                Air            #.........   100%        4
 Cause Fear               Hex            #.........   100%        4
 Dispel Undead            Necr           #.......     100%        4
 Fulminant Prism          Conj/Hex       #.........   100%        4
 Hailstorm                Conj/Ice       #.......     100%        4
 Ice Form                 Ice/Tmut       #.......     100%        4
 Iskenderun's Mystic Bla  Conj/Tloc      #.......     100%        4
 Leda's Liquefaction      Hex/Erth       #.........   100%        4
 Olgreb's Toxic Radiance  Pois           #.......     100%        4
 Petrify                  Tmut/Erth      #.......     100%        4
 Summon Ice Beast         Ice/Summ       #.......     100%        4
 Summon Lightning Spire   Summ/Air       #.......     100%        4
 Agony                    Necr           #.......     100%        5
 Alistair's Intoxication  Tmut/Pois      #........    100%        5
 Blade Hands              Tmut           #.........   100%        5
 Bolt of Magma            Conj/Fire/Erth #.........   100%        5
 Borgnjor's Vile Clutch   Necr/Erth      #.........   100%        5
 Excruciating Wounds      Necr           #.........   100%        5
 Fireball                 Conj/Fire      #.........   100%        5
 Iskenderun's Battlesphe  Conj           #.......     100%        5
 Lee's Rapid Deconstruct  Erth           #.........   100%        5
 Lightning Bolt           Conj/Air       #.........   100%        5
 Metabolic Englaciation   Hex/Ice        #.........   100%        5
 Silence                  Hex/Air        #.........   100%        5
 Summon Demon             Summ           #.........   100%        5
 Summon Forest            Summ/Tloc      #.........   100%        5
 Summon Mana Viper        Hex/Summ       #.......     100%        5
 Yara's Violent Unravell  Hex/Tmut       #.........   100%        5
 Conjure Ball Lightning   Conj/Air       #.........   100%        6
 Invisibility             Hex            #.......     100%        6
 Iron Shot                Conj/Erth      #.........   100%        6
 Shadow Creatures         Summ           N/A          100%        6
 Simulacrum               Ice/Necr       #.........   100%        6
 Starburst                Conj/Fire      #.........   100%        6
 Statue Form              Tmut/Erth      #........    100%        6
 Malign Gateway           Summ/Tloc      #.........   100%        7
 Monstrous Menagerie      Summ           #.........   100%        7
 Orb of Destruction       Conj           #.........   100%        7
 Spellforged Servitor     Conj/Summ      #.........   100%        7
 Summon Greater Demon     Summ           #.........   100%        7
 Summon Hydra             Summ           #.........   100%        7
 Discord                  Hex            #.........   100%        8
 Ignition                 Fire           #.........   100%        8
 Summon Horrible Things   Summ           #.........   100%        8
 Shatter                  Erth           #.........   100%        9
 Tornado                  Air            #.........   100%        9
 Passage of Golubria      Tloc           Unusable     N/A         4

Dungeon Overview and Level Annotations

Branches:
Dungeon (15/15)            Temple (1/1) D:6            Lair (6/6) D:11
  Swamp (4/4) Lair:4       Spider (4/4) Lair:4        Slime (0/5) Lair:6
    Orc (2/2) D:10            Elf (3/3) Orc:2        Vaults (5/5) D:13
  Crypt (3/3) Vaults:2       Tomb (1/3) Crypt:3      Depths (5/5) D:15
   Hell (visited)             Dis (0/7) Hell            Geh (7/7) Hell
    Coc (0/7) Hell            Tar (0/7) Hell            Zot (5/5) Depths:5
Ossuary (visited)

Altars:
Ashenzari
Cheibriados
Dithmenos
Elyvilon
Fedhas
Gozag
Hepliaklqana
Kikubaaqudgha
Makhleb
Nemelex Xobeh
Okawaru
Qazlal
Ru
Sif Muna
Trog
Uskayaw
Vehumet
Wu Jian
Xom
Yredelemnul
Zin
The Shining One
Beogh
Jiyva

Shops:
D:4 !   D:15 (   Orc:1 !}   Orc:2 [!?}   Elf:1 =}=(   Depths:2 [   Depths:4 *

Portals:
Hell: Depths:1 Depths:2 Depths:3 Depths:4 Depths:5
Abyss: Depths:1 Depths:4
Pandemonium: Depths:3
Trove: Depths:2 (show slimy rune of Zot)

Annotations:
D:7 2 runed translucent doors
D:8 5 runed translucent doors
D:9 exclusion: obsidian statue
Lair:2 exclusion: oklob plant
Lair:6 1 runed translucent door
Orc:2 1 runed translucent door, exclusion: 4 orange crystal statues
Elf:1 2 transporters, Meureelit's ghost, journeyman CeCK
Zot:2 1 transporter


Innate Abilities, Weirdness & Mutations

You reflexively headbutt those who attack you in melee.
You have a pair of horns on your head.
You are surrounded by a mild repulsion field. (EV +2)
You are partially covered in molten scales. (AC +2)
You tend to lose your temper in combat.
Armour fits poorly on your strangely shaped body.
You are dopey. (Int -2)
You are somewhat resistant to further mutation.
You occasionally shout uncontrollably at your foes.
You are occasionally teleported next to monsters.
You are very weak. (Str -4)


Message History

The Orb Guardian is moderately wounded.
The Orb Guardian closely misses you.
You thrash the Orb Guardian!! You headbutt the Orb Guardian!
The Orb Guardian is severely wounded.
The orb of fire emits a lurid red light.
Strange energies course through your body.
You feel weirdly uncertain.
You hit the Orb Guardian. You headbutt the Orb Guardian!
You kill the Orb Guardian!
The orb of fire emits a lurid red light.
Strange energies course through your body.
You feel odd for a moment.
The orb of fire glows yellow.
The bolt of fire misses you.
The orb of fire glows bright magenta.
The bolt of fire hits you! You resist. The Shining One protects you from harm!
The orb of fire glows deep purple.
The fireball explodes!
The fireball engulfs you! You resist.
You die...

^.▓▓^......................▓*
.▓▓▓......§.....^....^......▓
▓▓ #......................?.▓
##......................▓▓
##▓....^...........^..▓▓
▓▓▓▓^......^.......▓▓
#▓▓▓▓▓▓▓▓▓▓▓##.....▓▓
###...).......[*......##
##....##).....@.*^......##
###...###.....[..*.........##
.....###.^..........^.......#
....## #.^..................#
....# #................^...#
...## #...^..........^.....#
...# #...^........^.......#
.))## #.....^......^.......#
).).# ##.........^........##


You could see 3 orbs of fire.

Vanquished Creatures
  Asmodeus (Geh:7)
  A pandemonium lord (Zot:5)
  5 orbs of fire
  Mara (Spider:4)
  Mennas (Crypt:3)
  5 ancient liches
  3 juggernauts
  A Killer Klown (Zot:5)
  Bai Suzhen (Crypt:2)
  3 curse toes
  Geryon (Hell)
  5 caustic shrikes
  3 golden dragons
  4 bone dragons
  2 profane servitors
  An iron giant (Zig:5)
  16 liches
  An electric golem (Zot:5)
  Arachne (Spider:4)
  Rupert (Spider:1)
  42 Brimstone Fiends
  A hellephant (Abyss:3)
  Jorgrun (D:12)
  A Hell Sentinel (Zot:5)
  13 tentacled monstrosities
  21 Orb Guardians (Zot:5)
  7 deep elf blademasters
  10 titans
  2 death cobs (Zot:2)
  20 tentacled starspawn
  9 deep elf master archers
  9 quicksilver dragons
  6 Executioners
  Frances (Swamp:2)
  An acid blob (shapeshifter) (Depths:2)
  3 ancient champions
  7 sphinxes
  Gastronok (Lair:1)
  Kirke (D:13)
  A thorn hunter (Swamp:1)
  7 tengu reavers
  Agnes (Vaults:2)
  A draconian monk (Zot:5)
  5 storm dragons
  3 shadow dragons (Vaults:5)
  4 revenants
  Roxanne (Elf:2)
  Donald (Swamp:1)
  24 fire giants
  3 nagarajas (Zig:7)
  3 iron dragons
  9 deep elf sorcerers
  9 emperor scorpions
  4 draconian knights
  6 orc warlords
  5 ghost moths
  A draconian scorcher (Zot:2)
  5 draconian shifters
  17 frost giants
  21 vault wardens
  Aizul (Spider:4)
  4 curse skulls (Crypt:1)
  10 ghouls
  A caustic shrike zombie (Hell)
  4 draconian stormcallers
  3 spriggan defenders
  3 deep elf elementalists
  18 balrugs
  29 stone giants
  5 war gargoyles
  9 reapers
  4 draconian annihilators
  18 ironheart preservers
  38 very ugly things
  5 entropy weavers
  An ophan (Abyss:5)
  9 vampire knights
  Azrael (D:12)
  9 deep elf demonologists
  6 black draconians
  Nessos (Orc:2)
  2 lorocyprocas (Abyss:3)
  A dire elephant (D:15)
  3 green draconians
  13 deep elf annihilators
  4 white draconians
  12 spark wasps
  11 purple draconians
  7 red draconians
  6 yellow draconians
  A blizzard demon (Abyss:5)
  3 eidola
  14 ettins
  2 mummy priests (Tomb:1)
  A merfolk javelineer (Elf:2)
  A crystal guardian (Vaults:4)
  10 deep elf death magi
  25 jiangshi
  2 green deaths
  23 ogre magi
  A quicksilver dragon zombie (Geh:5)
  13 fire dragons
  2 merfolk impalers
  Fannar (D:10)
  A kraken zombie (Hell)
  9 deep elf high priests
  Josephine (D:12)
  A quicksilver dragon skeleton (Crypt:1)
  11 rakshasas
  15 great orbs of eyes
  19 yaktaur captains
  4 catoblepae
  A ghost crab (Swamp:2)
  5 naga warriors
  2 hell beasts (Hell)
  13 hydras
  42 vault guards
  2 shambling mangroves
  A spriggan air mage (Depths:5)
  19 centaur warriors
  2 anacondas (shapeshifter)
  9 death yaks
  14 ice dragons
  7 death knights
  An anaconda (Zig:7)
  29 dancing weapons
  6 deep troll shamans
  14 alligators
  9 deep troll earth magi
  9 vampire magi
  35 two-headed ogres
  42 thrashing horrors
  An alligator (shapeshifter) (Zig:9)
  A satyr (Abyss:3)
  10 death scarabs
  12 tengu warriors
  70 hell hogs
  2 shock serpents (Zig:7)
  4 titan zombies
  3 spriggan berserkers
  6 storm dragon zombies
  52 hell knights
  A naga sharpshooter (Elf:2)
  27 deep elf knights
  20 sun demons
  8 soul eaters (Hell)
  18 wretched stars
  Nergalle (Lair:3)
  5 spriggans
  6 iron trolls
  2 sixfirhies
  22 skeletal warriors
  A ghost moth zombie (Geh:5)
  7 spatial maelstroms
  2 unseen horrors
  2 unseen horrors (shapeshifter)
  2 titan skeletons
  4 golden dragon zombies
  4 storm dragon skeletons
  15 flayed ghosts
  A spark wasp zombie (Hell)
  2 spriggan druids
  6 anaconda zombies
  53 starcursed masses
  8 glowing orange brains
  A death drake (Abyss:5)
  A shadow demon (Abyss:3)
  6 shadow wraiths
  58 large abominations
  10 swamp dragons
  21 deep trolls
  19 phantasmal warriors
  8 harpies
  7 shadow dragon zombies
  32 deep elf archers
  17 ironbrand convokers
  8 wizards
  A swamp dragon (shapeshifter) (Elf:1)
  14 necromancers
  2 lindwurms (Lair:6)
  3 golden dragon skeletons
  2 orb spiders (shapeshifter)
  A spectral wolf spider (Spider:4)
  78 deep elf magi
  2 iron dragon zombies
  An orange crystal statue (Depths:2)
  31 wolf spiders
  4 anaconda skeletons
  13 orc knights
  A mana viper (shapeshifter) (Depths:2)
  8 fire giant zombies
  6 wolf spider zombies
  3 shadow dragon skeletons
  18 orb spiders
  4 salamanders
  8 orc sorcerers
  A spectral alligator (Crypt:3)
  An oklob plant (Lair:5)
  32 ugly things
  2 worldbinders (Abyss:3)
  A manticore (D:14)
  7 stone giant zombies
  10 frost giant zombies
  2 fauns (shapeshifter) (Depths:2)
  A shock serpent zombie (Geh:6)
  Joseph (D:7)
  9 moths of wrath
  An elephant (shapeshifter) (Zig:6)
  13 cyclopes
  5 fire giant skeletons
  8 stone giant skeletons
  7 frost giant skeletons
  2 ice statues (Hell)
  5 iron dragon skeletons
  17 vault sentinels
  A guardian serpent (shapeshifter) (D:14)
  2 titan simulacra (Abyss:5)
  6 black mambas
  3 apocalypse crabs (Abyss:5)
  A guardian serpent (Abyss:5)
  9 rust devils
  4 dire elephant zombies
  A water nymph (shapeshifter) (Vaults:5)
  2 gargoyles
  2 naga magi
  17 molten gargoyles
  2 torpor snails
  2 orange demons
  15 smoke demons
  A purple draconian zombie (Geh:1)
  18 cane toads
  2 emperor scorpion zombies
  3 shock serpent skeletons
  A pale draconian zombie (Crypt:2)
  3 yaktaur zombies (Hell)
  3 spectral redbacks (Spider:4)
  Maggie (Lair:1)
  6 dire elephant skeletons
  3 kobold demonologists
  9 komodo dragons
  A red draconian zombie (Crypt:1)
  14 rime drakes (Lair:3)
  A swamp worm zombie (Crypt:1)
  13 demonic crawlers
  A yaktaur (shapeshifter) (Depths:2)
  17 tormentors
  22 freezing wraiths
  A spriggan skeleton (Depths:2)
  76 yaktaurs
  4 guardian mummies (Tomb:1)
  An anaconda simulacrum (Crypt:1)
  21 efreet
  22 hellions
  3 hellwings (Abyss:5)
  A minotaur skeleton (Geh:4)
  14 ancient zymes
  A hydra zombie (Geh:7)
  2 redback zombies
  3 meliai (Spider:2)
  13 ice devils
  32 red devils
  2 queen bees (shapeshifter)
  A tengu simulacrum (Depths:2)
  3 spectral jumping spiders (Spider:4)
  12 trolls
  2 harpy zombies (Geh:7)
  A meliai (shapeshifter) (Vaults:1)
  A polar bear (shapeshifter) (Elf:3)
  3 polar bears
  4 harpy skeletons
  4 tengu conjurers
  38 jumping spiders
  10 merfolk
  A shadow dragon simulacrum (Vaults:4)
  A wolf spider simulacrum (D:14)
  Prince Ribbit (Lair:3)
  6 tyrant leeches
  7 hydra skeletons
  3 spectral tarantellas (Spider:4)
  14 hornets
  5 bog bodies
  A wind drake (shapeshifter) (Depths:4)
  44 raiju
  A hornet (shapeshifter) (D:15)
  2 spriggan zombies
  42 blink frogs
  3 blink frogs (shapeshifter)
  A death drake skeleton (Crypt:1)
  5 ice dragon zombies
  6 fire dragon zombies
  5 ettin zombies
  2 snapping turtles (shapeshifter) (Vaults:5)
  45 slime creatures
  9 dream sheep (Lair:6)
  A tarantella zombie (Spider:4)
  9 hippogriffs
  A deep troll zombie (Hell)
  An alligator zombie (Geh:2)
  A black mamba zombie (Geh:3)
  123 flying skulls
  6 air elementals
  43 tarantellas
  35 small abominations
  14 shadows
  50 redbacks
  2 vampires
  4 ynoxinuls
  5 ettin skeletons
  9 wyverns
  5 fire dragon skeletons
  A black mamba skeleton (Geh:4)
  5 ice dragon skeletons
  2 hogs (shapeshifter)
  50 yaks
  2 hogs (D:13)
  A basilisk (Lair:6)
  3 fire bats
  10 golden eyes
  10 water elementals
  46 wraiths
  15 chaos spawn
  44 fire elementals
  13 neqoxecs
  9 steam dragons
  25 vampire mosquitoes
  3 swamp worm simulacra (Swamp:4)
  Edmund (D:4)
  15 insubstantial wisps
  A naga (shapeshifter) (Depths:2)
  9 wargs
  12 nagas
  3 soldier ants (shapeshifter)
  14 water moccasins
  99 hell hounds
  10 spatial vortices (Abyss:5)
  12 swamp worms
  A water moccasin (shapeshifter) (Depths:2)
  3 acid dragons
  2 cane toad zombies (Geh:2)
  15 hydra simulacra (Swamp:4)
  A water nymph skeleton (Crypt:1)
  5 porcupines
  A floating eye (Depths:2)
  4 cane toad skeletons
  A sky beast (shapeshifter) (Depths:2)
  An ice dragon simulacrum (Crypt:3)
  64 orc warriors
  A spectral hornet (Spider:4)
  6 sky beasts
  7 swamp drakes
  6 ice beasts
  2 swamp dragon zombies
  3 hornet zombies
  2 ice beasts (shapeshifter)
  6 snapping turtle zombies
  A black bear (shapeshifter) (Elf:1)
  2 ettin simulacra
  2 eyes of draining (shapeshifter)
  28 necrophages
  6 phantoms
  An alligator simulacrum (Hell)
  6 boggarts
  27 centaurs
  4 manticore skeletons
  An eye of draining (Abyss:5)
  40 ogres
  3 wolves (Lair:2)
  An elf simulacrum (Depths:2)
  A swamp dragon skeleton (Geh:6)
  A hog skeleton (Crypt:2)
  14 crocodiles
  4 big kobolds
  A palentonga zombie (Crypt:1)
  An elf zombie (Geh:2)
  2 earth elementals
  21 bullfrogs
  A wyvern zombie (D:6)
  2 gnoll sergeants
  2 wyvern skeletons
  A queen bee zombie (Crypt:1)
  5 scorpions
  5 killer bees (D:8)
  A killer bee (shapeshifter) (Depths:4)
  A warg skeleton (Crypt:2)
  2 troll zombies
  5 electric eels
  An orc simulacrum (Vaults:2)
  A troll skeleton (Geh:1)
  66 wights
  8 howler monkeys
  A polar bear skeleton (Crypt:2)
  3 bullfrog zombies
  10 crimson imps
  4 centaur zombies
  5 lava snakes (Lair:6)
  2 quasits
  6 hounds
  3 jellies
  3 human zombies
  25 orc priests
  2 iguanas
  Ijyb (D:3)
  5 bullfrog skeletons
  3 centaur skeletons
  A demonspawn skeleton (Crypt:1)
  6 iron imps
  15 worker ants
  37 orc wizards
  A killer bee zombie (D:9)
  A big kobold zombie (Ossuary)
  A tengu zombie (Geh:6)
  A naga zombie (Geh:7)
  An ogre skeleton (Geh:1)
  A naga skeleton (Geh:4)
  2 hound skeletons
  2 hound zombies
  12 mummies
  6 adders
  11 gnolls
  3 shadow imps
  8 white imps
  11 ufetubi
  4 swamp drake simulacra (Swamp:4)
  A halfling zombie (Crypt:2)
  A lava snake zombie (Crypt:2)
  2 adder skeletons
  4 worms
  4 dart slugs
  3 leopard geckos
  163 orcs
  7 bats
  10 giant cockroaches
  9 goblins
  12 hobgoblins
  19 jackals
  25 kobolds
  5 quokkas
  2 ball pythons
  11 frilled lizards
  A giant cockroach zombie (Crypt:1)
  2 gnoll zombies (Ossuary)
  3 hobgoblin zombies (Ossuary)
  A kobold zombie (Ossuary)
  An orc skeleton (Geh:5)
  An orc zombie (Ossuary)
  A quokka skeleton (D:4)
  5 rats
  A briar patch (Swamp:1)
  A plant (Lair:6)
  18 starspawn tentacles
  3 tentacles (Hell)
4196 creatures vanquished.

Vanquished Creatures (collateral kills)
  A Brimstone Fiend (Geh:7)
  2 tengu reavers (Vaults:2)
  A deep elf sorcerer (Vaults:2)
  A very ugly thing (Depths:2)
  An entropy weaver (Spider:2)
  A deep elf annihilator (Vaults:2)
  A deep elf death mage (Vaults:2)
  A vault guard (Vaults:5)
  2 death scarabs (Spider:4)
  A death yak (Lair:5)
  A deep elf knight (Elf:3)
  A spectral emperor scorpion (Spider:4)
  An ironbrand convoker (Vaults:3)
  2 deep elf archers (Vaults:2)
  A wolf spider zombie (Spider:4)
  An orb spider (Spider:4)
  A deep elf mage (Vaults:2)
  A vault sentinel (Zig:9)
  A rime drake (Lair:3)
  A komodo dragon (Lair:6)
  A troll (Orc:2)
  A spectral tarantella (Spider:4)
  A raiju (Abyss:3)
  A bog body (Swamp:3)
  A tarantella (Spider:1)
  A yak (Lair:6)
  A warg (Swamp:3)
  A water moccasin (Lair:6)
  2 orc warriors (Vaults:3)
  An orc wizard (Orc:2)
  An orc (Orc:2)
35 creatures vanquished.

Vanquished Creatures (others)
  A thorn hunter (Swamp:4)
  A nagaraja (Zig:7)
  A fire giant (Depths:4)
  A very ugly thing (Depths:4)
  A rakshasa (Depths:4)
  2 alligators (Swamp:4)
  3 hell hogs
  5 large abominations (Abyss:5)
  A wolf spider zombie (Geh:7)
  An ironbrand convoker (Vaults:3)
  2 deep elf magi
  A guardian serpent (Zig:7)
  An ancient zyme (Abyss:5)
  A raiju (Abyss:5)
  A tyrant leech (Swamp:2)
  A shadow (Geh:5)
  A wraith (Geh:4)
  A yak (Lair:4)
  A neqoxec (Abyss:3)
  A human (D:13)
  2 fire bats
  5 golden eyes (Abyss:5)
  A warg (Elf:2)
  4 chaos spawn (Abyss:5)
  A swamp worm (Swamp:2)
  A floating eye (Abyss:5)
  3 orc warriors
  An eye of draining (Abyss:5)
  7 small abominations
  A scorpion (D:6)
  A scorpion (shapeshifter) (Abyss:5)
  3 wights
  A howler monkey (D:6)
  A centaur zombie (Geh:3)
  A gnoll shaman (D:6)
  A worker ant (D:6)
  3 orcs
  A jackal skeleton (D:6)
  2 briar patches (Swamp:1)
  5 fungi
  4 lurking horrors
  3 plants
  58 starspawn tentacles
  A tentacle (Hell)
139 creatures vanquished.

Grand Total: 4370 creatures vanquished

Notes
Turn   | Place    | Note
-------+----------+-------------------------------------------
     0 | D:1      | Balder the Minotaur Fighter began the quest for the Orb.
     0 | D:1      | Reached XP level 1. HP: 19/19 MP: 0/0
   136 | D:1      | Reached XP level 2. HP: 16/27 MP: 1/1
   626 | D:1      | Reached XP level 3. HP: 32/33 MP: 2/2
  1180 | D:2      | Reached skill level 1 in Dodging
  1425 | D:2      | Reached XP level 4. HP: 40/40 MP: 3/3
  1701 | D:2      | Reached skill level 1 in Throwing
  2520 | D:3      | Reached XP level 5. HP: 42/47 MP: 4/4
  2660 | D:3      | Noticed Ijyb
  2668 | D:3      | Killed Ijyb
  3035 | D:4      | Noticed Edmund
  3046 | D:4      | Killed Edmund
  3046 | D:4      | Reached XP level 6. HP: 41/53 MP: 5/5
  3099 | D:4      | Reached skill level 5 in Maces & Flails
  3214 | D:4      | Found a sand-covered staircase.
  3225 | Ossuary  | Entered an ossuary
  3243 | Ossuary  | Reached skill level 5 in Shields
  3686 | D:4      | Reached XP level 7. HP: 52/60 MP: 6/6
  3756 | D:4      | Reached skill level 5 in Fighting
  4380 | D:4      | Upgraded the game from 0.26-a0-471-g8fb39a4 to
                  | 0.26-a0-476-g6dfca0d
  4441 | D:4      | Found Xiannal's Distillery.
  4461 | D:4      | Bought a potion of mutation for 88 gold pieces
  4552 | D:5      | Entered Level 5 of the Dungeon
  4765 | D:5      | Reached XP level 8. HP: 67/69 MP: 7/7
  4901 | D:5      | Reached skill level 5 in Armour
  5094 | D:5      | Got a twisted leather armour
  5105 | D:5      | Identified the +1 leather armour of Javeh {-Tele Str+4
                  | Int+2} (You found it on level 5 of the Dungeon)
  5722 | D:6      | Found a basalt altar of Yredelemnul.
  5807 | D:6      | Found a shimmering altar of Xom.
  5818 | D:6      | Found a shadowy altar of Dithmenos.
  5825 | D:6      | Found a radiant altar of Vehumet.
  5832 | D:6      | Found a hazy altar of Hepliaklqana.
  5836 | D:6      | Found a shimmering blue altar of Sif Muna.
  5847 | D:6      | Found a blossoming altar of Fedhas.
  5869 | D:6      | Found a staircase to the Ecumenical Temple.
  5891 | Temple   | Entered the Ecumenical Temple
  6042 | Temple   | Became a worshipper of Warmaster Okawaru
  6091 | D:6      | Found a shimmering altar of Xom.
  6311 | D:6      | Reached skill level 1 in Short Blades
  6352 | D:6      | Found a white marble altar of Elyvilon.
  6451 | D:6      | Reached skill level 1 in Invocations
  7003 | D:7      | Reached XP level 9. HP: 67/75 MP: 8/8
  7012 | D:7      | Reached * piety under Okawaru
  7235 | D:7      | Noticed Joseph
  7257 | D:7      | Killed Joseph
  7693 | D:7      | Found a large runed translucent door.
  7693 | D:7      | Found a large runed translucent door.
  7725 | D:7      | Identified the Almanac of Icy Transmutation
  7763 | D:7      | Found a large runed translucent door.
  7763 | D:7      | Found a large runed translucent door.
  8345 | D:8      | Reached ** piety under Okawaru
  8356 | D:8      | Reached skill level 5 in Dodging
  8873 | D:8      | Reached skill level 10 in Maces & Flails
  8888 | D:8      | Reached XP level 10. HP: 77/86 MP: 11/11
  9079 | D:8      | Found the +9 staff of Olgreb {rPois∞}
  9089 | D:8      | Found a runed translucent gate.
  9089 | D:8      | Found a runed translucent gate.
  9095 | D:8      | Found a runed translucent door.
  9107 | D:8      | Found a runed translucent gate.
  9119 | D:8      | Found a runed translucent door.
  9622 | D:9      | Noticed an obsidian statue
  9623 | D:9      | Noticed a sun demon
 10050 | D:9      | Reached *** piety under Okawaru
 10721 | D:9      | Reached skill level 5 in Throwing
 11164 | D:9      | Noticed a soul eater
 11451 | D:10     | Entered Level 10 of the Dungeon
 11452 | D:10     | Noticed an unseen horror
 11452 | D:10     | Noticed a two-headed ogre
 11455 | D:10     | Noticed a gargoyle
 11480 | D:10     | Killed an unseen horror
 11480 | D:10     | Received a gift from Okawaru
 11493 | D:10     | Killed a gargoyle
 11499 | D:10     | Killed a two-headed ogre
 11499 | D:10     | Reached **** piety under Okawaru
 11903 | D:10     | Reached XP level 11. HP: 90/94 MP: 10/12
 11932 | D:10     | Noticed Fannar
 11967 | D:10     | Killed Fannar
 12012 | D:10     | Found a staircase to the Orcish Mines.
 12039 | D:10     | Received a gift from Okawaru
 12578 | D:11     | Noticed a two-headed ogre
 12585 | D:11     | Killed a two-headed ogre
 12585 | D:11     | Reached ***** piety under Okawaru
 12585 | D:11     | Received a gift from Okawaru
 12698 | D:11     | Found a staircase to the Lair.
 12959 | D:11     | Reached skill level 1 in Evocations
 13437 | D:11     | Reached skill level 5 in Invocations
 13680 | Lair:1   | Entered Level 1 of the Lair of Beasts
 13704 | Lair:1   | Noticed Gastronok
 13733 | Lair:1   | Killed Gastronok
 13733 | Lair:1   | Received a gift from Okawaru
 14046 | Lair:1   | Found the +2 ratskin cloak {+Rats rPois rN+ Str-1 Int-1
                  | Dex+1}
 14137 | Lair:1   | Noticed Maggie
 14160 | Lair:1   | Killed Maggie
 14234 | Lair:1   | Reached XP level 12. HP: 81/103 MP: 11/15
 14492 | Lair:1   | Noticed a five-headed hydra
 14498 | Lair:1   | Killed a five-headed hydra
 14680 | Lair:1   | Reached skill level 10 in Shields
 16270 | Lair:2   | Noticed a seven-headed hydra
 16282 | Lair:2   | Killed a seven-headed hydra
 16710 | Lair:3   | Upgraded the game from 0.26-a0-476-g6dfca0d to
                  | 0.26-a0-487-gbff1e92
 16914 | Lair:3   | Noticed Prince Ribbit
 16927 | Lair:3   | Received a gift from Okawaru
 16931 | Lair:3   | Killed Prince Ribbit
 17044 | Lair:3   | Noticed Nergalle
 17057 | Lair:3   | Killed Nergalle
 17089 | Lair:3   | Received a gift from Okawaru
 17584 | Lair:3   | Received a gift from Okawaru
 17603 | Lair:3   | Got a dazzling short sword {god gift}
 17629 | Lair:3   | Reached XP level 13. HP: 82/113 MP: 14/16
 17690 | Lair:3   | Upgraded the game from 0.26-a0-487-gbff1e92 to
                  | 0.26-a0-489-g112e8ad
 17770 | Lair:3   | Identified the +5 short sword of Coycsok {protect, rElec
                  | rN+ Str+4} (Okawaru gifted it to you on level 3 of the Lair
                  | of Beasts)
 18149 | Lair:3   | Reached skill level 10 in Fighting
 18882 | Lair:4   | Received a gift from Okawaru
 18882 | Lair:4   | Reached skill level 1 in Axes
 18897 | Lair:4   | Got a heavily runed scale mail {god gift}
 18908 | Lair:4   | Identified the +1 scale mail "Vimnuohi" {Dex+3} (Okawaru
                  | gifted it to you on level 4 of the Lair of Beasts)
 19016 | Lair:4   | Reached skill level 10 in Armour
 19413 | Lair:4   | Found a staircase to the Swamp.
 19499 | Lair:4   | Found a hole to the Spider Nest.
 20306 | Lair:5   | Received a gift from Okawaru
 20327 | Lair:5   | Reached ****** piety under Okawaru
 20327 | Lair:5   | Received a gift from Okawaru
 20635 | Lair:5   | Reached XP level 14. HP: 95/124 MP: 13/18
 21569 | Lair:6   | Entered Level 6 of the Lair of Beasts
 21721 | Lair:6   | Received a gift from Okawaru
 21725 | Lair:6   | Got a twisted dagger {god gift}
 21866 | Lair:6   | Identified the +10 dagger "Koyras" {antimagic, *Noise rC-
                  | MR+ Str+10} (Okawaru gifted it to you on level 6 of the
                  | Lair of Beasts)
 22301 | Lair:6   | Found a runed translucent door.
 22301 | Lair:6   | Found a viscous altar of Jiyva.
 22302 | Lair:6   | Found a staircase to the Slime Pits.
 22329 | Lair:6   | Reached skill level 15 in Maces & Flails
 23299 | Lair:6   | Found a large runed translucent door.
 23374 | Lair:6   | Received a gift from Okawaru
 23682 | Lair:6   | Found a large runed translucent door.
 24796 | Orc:1    | Entered Level 1 of the Orcish Mines
 24995 | Orc:2    | Entered Level 2 of the Orcish Mines
 25161 | Orc:2    | Found a staircase to the Elven Halls.
 25161 | Orc:2    | Noticed Nessos
 25543 | Orc:2    | Killed Nessos
 25794 | Orc:2    | Found a runed translucent door.
 25804 | Orc:2    | Found the +10 tower shield of Ignorance {rN+ Int-4}
 25825 | Orc:2    | Found a runed translucent door.
 26197 | Orc:2    | Received a gift from Okawaru
 26618 | Orc:2    | Reached XP level 15. HP: 109/134 MP: 15/20
 26679 | Orc:2    | Found Siplaokhist's Antique Armour Shoppe.
 26699 | Orc:2    | Found Memuffikk's Gadget Emporium.
 26762 | Orc:2    | Bought a pair of transparent boots for 304 gold pieces
 26767 | Orc:2    | Identified the +2 pair of boots of Daush {*Drain +Fly rElec
                  | rC++} (You bought it in a shop on level 2 of the Orcish
                  | Mines)
 26860 | Orc:2    | Found a radiant altar of Vehumet.
 26893 | Orc:2    | Found Xietiura's Magic Scroll Shoppe.
 26941 | Orc:2    | Found an ancient bone altar of Kikubaaqudgha.
 26951 | Orc:2    | Bought a scroll of fear for 52 gold pieces
 27027 | Orc:2    | Found a roughly hewn altar of Beogh.
 27071 | Orc:2    | Found Xaqupta's Distillery.
 27080 | Orc:2    | Bought a potion of heal wounds for 60 gold pieces
 27306 | Orc:1    | Found Beyfek's Gadget Shop.
 27321 | Orc:1    | Bought a wand of iceblast (8) for 168 gold pieces
 27333 | Orc:1    | Found Zuipnomm's Distillery.
 27841 | D:12     | Reached skill level 10 in Dodging
 27913 | D:12     | Received a gift from Okawaru
 27956 | D:12     | Noticed Jorgrun
 27973 | D:12     | Killed Jorgrun
 28158 | D:12     | Found a roughly hewn altar of Beogh.
 28294 | D:12     | Identified a scroll of acquirement
 28294 | D:12     | Acquired the +6 broad axe "Emeukyiq" {vorpal, rC+ MP+9}
 28377 | D:12     | Noticed Azrael
 28385 | D:12     | Noticed Josephine
 28392 | D:12     | Killed Azrael
 28416 | D:12     | Killed Josephine
 29087 | D:13     | Found a gate to the Vaults.
 29097 | D:13     | Received a gift from Okawaru
 29176 | D:13     | Got jewelled quicksilver dragon scales {god gift}
 29245 | D:13     | Identified the quicksilver dragon scales "Hetay" {rF++ MR+
                  | SInv} (Okawaru gifted it to you on level 13 of the Dungeon)
 30040 | D:13     | Noticed Kirke
 30058 | D:13     | Killed Kirke
 30298 | D:14     | Found the +3 robe of Folly {Archmagi, MR-- Int+5}
 30334 | D:14     | Identified the Grimoire of Freezing Arcane Weapons
 30422 | D:14     | Received a gift from Okawaru
 30502 | D:14     | Reached XP level 16. HP: 130/145 MP: 20/21
 30620 | D:14     | Found a glowing golden altar of the Shining One.
 30679 | D:14     | Fell from the grace of Okawaru
 30679 | D:14     | Became a worshipper of the Shining One
 30741 | D:14     | Found a stormy altar of Qazlal.
 30808 | D:14     | Found a stormy altar of Qazlal.
 31126 | D:15     | Entered Level 15 of the Dungeon
 31455 | D:15     | Reached * piety under the Shining One
 31612 | D:15     | Found Qyutuackergh's Weapon Boutique.
 31723 | D:15     | Found a staircase to the Depths.
 32515 | Elf:1    | Entered Level 1 of the Elven Halls
 32533 | Elf:1    | Reached skill level 10 in Throwing
 32565 | Elf:1    | Reached skill level 5 in Evocations
 32870 | Elf:1    | Noticed a deep elf master archer
 32906 | Elf:1    | Killed a deep elf master archer
 33207 | Elf:1    | Found Umidu's Weapon Emporium.
 33427 | Elf:1    | Found Zopsej's Jewellery Shop.
 33429 | Elf:1    | Found Purodgh's Gadget Shoppe.
 33431 | Elf:1    | Found Iqirphee's Jewellery Shop.
 33445 | Elf:1    | Bought an uncursed amulet of reflection for 390 gold pieces
 33623 | Elf:1    | Found a bloodstained altar of Trog.
 33623 | Elf:1    | Noticed Meureelit's ghost (journeyman CeCK)
 33631 | Elf:1    | Noticed a deep elf master archer
 33633 | Elf:1    | Identified the cursed +1 rapier of the Spider Nest
                  | {antimagic, Dex+4 SInv}
 33633 | Elf:1    | Noticed a deep elf blademaster
 33647 | Elf:1    | Identified the +12 quick blade of Patterns {protect, rPois
                  | rN+ Str+4}
 33647 | Elf:1    | Noticed a deep elf blademaster
 33655 | Elf:1    | Reached ** piety under the Shining One
 33656 | Elf:1    | Found a transporter.
 33677 | Elf:1    | Found a transporter.
 33693 | Elf:1    | Noticed a deep elf master archer
 33724 | Elf:1    | Identified the +9 longbow of the Scorching Hero {vorpal,
                  | rElec Dex+5}
 33724 | Elf:1    | Noticed a deep elf master archer
 33747 | Elf:1    | Noticed a deep elf master archer
 33747 | Elf:1    | Noticed a titan
 33764 | Elf:1    | Killed a deep elf master archer
 33772 | Elf:1    | Killed a titan
 34720 | Elf:2    | Noticed a titan
 34720 | Elf:2    | Noticed a titan
 35170 | Elf:2    | Found a huge runed translucent gate.
 35182 | Elf:2    | Found a huge runed translucent gate.
 35183 | Elf:2    | Found a huge runed translucent gate.
 35184 | Elf:2    | Found a huge runed translucent gate.
 35185 | Elf:2    | Found a huge runed translucent gate.
 35263 | Elf:2    | Noticed a titan
 35263 | Elf:2    | Noticed a deep elf master archer
 35510 | Elf:2    | Killed a titan
 35555 | Elf:2    | Killed a deep elf master archer
 35856 | Elf:2    | Reached XP level 17. HP: 127/154 MP: 23/23
 35901 | Elf:2    | Reached skill level 15 in Fighting
 36563 | Elf:2    | Killed a titan
 36928 | Elf:2    | Killed a titan
 37151 | Elf:2    | Noticed a titan
 37165 | Elf:2    | Killed a titan
 37500 | Elf:2    | Noticed Roxanne
 37690 | Elf:2    | Killed Roxanne
 38045 | Elf:2    | Noticed a Hell Sentinel
 38100 | Elf:3    | Entered Level 3 of the Elven Halls
 38138 | Elf:3    | Noticed a Tzitzimitl
 38141 | Elf:3    | Noticed a Tzitzimitl
 39184 | Swamp:1  | Entered Level 1 of the Swamp
 39188 | Swamp:1  | Reached *** piety under the Shining One
 39489 | Swamp:1  | Reached skill level 10 in Invocations
 39693 | Swamp:1  | Noticed a deep elf master archer
 39703 | Swamp:1  | Killed a deep elf master archer
 40324 | Swamp:3  | HP: 7/157 [frost giant/+2 battleaxe of freezing[the fury of
                  | Okawaru] (1)]
 41032 | Swamp:3  | Was forgiven by Okawaru
 41033 | Swamp:3  | Noticed a deep elf master archer
 41033 | Swamp:3  | Noticed a titan
 41349 | Swamp:3  | Reached **** piety under the Shining One
 41859 | Swamp:3  | Killed a titan
 42286 | Swamp:3  | Killed a deep elf master archer
 42474 | Swamp:4  | Entered Level 4 of the Swamp
 42778 | Swamp:4  | Reached ***** piety under the Shining One
 43342 | Swamp:4  | Got a decaying rune of Zot
 43622 | Swamp:4  | Reached ****** piety under the Shining One
 43728 | Swamp:4  | Reached XP level 18. HP: 163/166 MP: 24/24
 43884 | Swamp:2  | Noticed Frances
 43904 | Swamp:2  | Killed Frances
 44601 | Swamp:1  | Noticed Donald
 44612 | Swamp:1  | Killed Donald
 45208 | Spider:1 | Entered Level 1 of the Spider Nest
 45932 | Spider:1 | Noticed Rupert
 45947 | Spider:1 | Killed Rupert
 48943 | Spider:4 | Entered Level 4 of the Spider Nest
 48949 | Spider:4 | Noticed Mara
 48958 | Spider:4 | Noticed Balder's illusion
 48981 | Spider:4 | Killed Mara
 48981 | Spider:4 | Reached XP level 19. HP: 109/177 MP: 26/26
 49040 | Spider:4 | Identified a +2 sacred scourge of holy wrath (a +0 demon
                  | whip of electrocution blessed by the Shining One)
 49040 | Spider:4 | Received a gift from the Shining One
 49371 | Spider:4 | Noticed Arachne
 49379 | Spider:4 | Killed Arachne
 49412 | Spider:4 | Noticed Aizul
 49433 | Spider:4 | Killed Aizul
 49938 | Spider:4 | Reached skill level 15 in Shields
 50492 | Spider:4 | Got a gossamer rune of Zot
 51383 | Elf:3    | Reached skill level 5 in Axes
 52324 | Elf:3    | Noticed a Tzitzimitl
 52749 | Elf:3    | Identified the cursed +2 short sword of the Wasp {flame,
                  | rF- rN+++ Dex+7 Stlth-}
 52762 | Elf:3    | Reached XP level 20. HP: 187/187 MP: 27/27
 52778 | Elf:3    | Identified the +5 ring mail "Yghi" {rN+ Stlth+}
 52870 | Elf:3    | Reached skill level 15 in Armour
 53287 | Elf:3    | Identified Orghurcha's Handbook of the Hurtful Birds
 53701 | Elf:3    | Reached skill level 5 in Short Blades
 54257 | Vaults:1 | Entered Level 1 of the Vaults
 56068 | Vaults:2 | Noticed Agnes
 56074 | Vaults:2 | Killed Agnes
 56078 | Vaults:2 | Reached skill level 15 in Dodging
 56482 | Vaults:2 | Reached XP level 21. HP: 118/196 MP: 26/29
 56990 | Vaults:2 | Found a staircase to the Crypt.
 57826 | Crypt:1  | Entered Level 1 of the Crypt
 60016 | Crypt:2  | Identified Sif Muna's Collected Works on Clay and Shape
                  | Shifting
 60101 | Crypt:2  | Noticed Bai Suzhen
 60137 | Crypt:2  | Killed Bai Suzhen
 61081 | Depths:1 | Entered Level 1 of the Depths
 61116 | Depths:1 | Reached XP level 22. HP: 193/206 MP: 30/30
 61506 | Depths:1 | Found a one-way gate to the infinite horrors of the Abyss.
 62620 | Depths:1 | You fall into a shaft and drop 1 floor!
 62824 | Depths:1 | Found a gateway to Hell.
 63049 | Depths:2 | Upgraded the game from 0.26-a0-489-g112e8ad to
                  | 0.26-a0-490-gf8362a0
 63050 | Depths:2 | Found Afaca's Antique Armour Emporium.
 63087 | Depths:2 | Bought the +2 hat of the Bear Spirit {Spirit, +Rage rN+
                  | MR++} for 1485 gold pieces
 63087 | Depths:2 | Bought a pitted buckler for 361 gold pieces
 63087 | Depths:2 | Found the +2 hat of the Bear Spirit {Spirit, +Rage rN+
                  | MR++}
 63104 | Depths:2 | Identified the cursed -8 buckler of Morality {Harm} (You
                  | bought it in a shop on level 2 of the Depths)
 63306 | Depths:2 | Found a portal to a secret trove of treasure.
 63669 | Depths:2 | Paralysed by a floating eye for 2 turns
 63674 | Depths:2 | Paralysed by a floating eye for 2 turns
 64015 | Depths:2 | Identified the Almanac of Stones and Malediction
 64167 | Depths:2 | Acquired a +0 cloak of stealth
 64266 | Depths:2 | Noticed a juggernaut
 64275 | Depths:2 | Killed a juggernaut
 64324 | Depths:2 | Reached XP level 23. HP: 217/217 MP: 32/32
 65166 | Depths:3 | Reached skill level 1 in Stealth
 65330 | Depths:3 | Found a one-way gate leading to the halls of Pandemonium.
 66534 | Depths:4 | Found a gateway to a ziggurat.
 66752 | Depths:4 | Found a shattered altar of Ashenzari.
 66993 | Depths:4 | Reached skill level 10 in Short Blades
 67058 | Depths:4 | Noticed a juggernaut
 67071 | Depths:4 | Killed a juggernaut
 67438 | Depths:4 | Got a fine chain mail
 67449 | Depths:4 | Identified the +3 chain mail "Toteam" {rPois Dex+4 Stlth+}
                  | (You found it on level 4 of the Depths)
 67484 | Depths:4 | Found Queneon's Assorted Antiques.
 67510 | Depths:4 | Bought a wand of iceblast (8) for 96 gold pieces
 67510 | Depths:4 | Bought a lumpy cabochon amulet for 120 gold pieces
 67510 | Depths:4 | Bought a pair of embroidered gloves for 180 gold pieces
 68120 | Zig:1    | Entered Level 1 of a ziggurat
 68135 | Zig:2    | Entered Level 2 of a ziggurat
 68167 | Zig:2    | Identified a +1 pair of boots of running (You found it on
                  | level 2 of a ziggurat)
 68182 | Zig:3    | Entered Level 3 of a ziggurat
 68421 | Zig:4    | Entered Level 4 of a ziggurat
 68473 | Zig:4    | Reached XP level 24. HP: 226/226 MP: 32/32
 68490 | Zig:5    | Entered Level 5 of a ziggurat
 68795 | Zig:6    | Entered Level 6 of a ziggurat
 68940 | Zig:7    | Entered Level 7 of a ziggurat
 69004 | Zig:7    | Identified Luhooph's Compendium of Torrid Toxins
 69104 | Zig:8    | Entered Level 8 of a ziggurat
 69133 | Zig:8    | Found the +3 pair of gauntlets of War {Slay+5}
 69245 | Zig:9    | Entered Level 9 of a ziggurat
 69276 | Zig:9    | Reached XP level 25. HP: 192/235 MP: 25/32
 69318 | Zig:9    | Got a crude iron ring
 69319 | Zig:9    | Identified the ring "Nuereg" {rF+ SInv} (You found it on
                  | level 9 of a ziggurat)
 69365 | Zig:9    | Acquired a manual of Maces & Flails
 69428 | Depths:5 | Entered Level 5 of the Depths
 69603 | Depths:5 | Reached skill level 15 in Throwing
 69607 | Depths:5 | Noticed a juggernaut
 69635 | Depths:5 | Killed a juggernaut
 70189 | Depths:4 | HP: 7/236 [acid (9)]
 71078 | Depths:5 | Found a gate to the Realm of Zot.
 72808 | Vaults:4 | Reached XP level 26. HP: 239/246 MP: 33/33
 73277 | Vaults:4 | Reached skill level 15 in Invocations
 73725 | Vaults:4 | Reached skill level 10 in Axes
 74370 | Vaults:5 | Entered Level 5 of the Vaults
 75331 | Vaults:5 | Found the ring of Shadows {Umbra +Inv Stlth+}
 75431 | Vaults:5 | Got a clouded lead ring
 75433 | Vaults:5 | Identified the ring of Muajah {+Inv MR+} (You found it on
                  | level 5 of the Vaults)
 75437 | Vaults:5 | Identified the Papyrus of Calling
 75447 | Vaults:5 | Got a crystal arbalest
 75449 | Vaults:5 | Identified the +6 arbalest of Descent {flame, rN+ Str+3}
                  | (You found it on level 5 of the Vaults)
 75453 | Vaults:5 | Got a sapphire short sword
 75454 | Vaults:5 | Identified the +11 short sword of Bissuytyg {vorpal, *Noise
                  | rC+ Str+4 Int+3} (You found it on level 5 of the Vaults)
 75875 | Vaults:5 | Got a steaming bronze ring
 75877 | Vaults:5 | Identified the ring "Sazyumou" {MP+9 Int+6 Dex+2} (You
                  | found it on level 5 of the Vaults)
 75906 | Vaults:5 | Acquired a manual of Axes
 76204 | Vaults:5 | Got a silver rune of Zot
 76248 | Vaults:5 | Got a fine scimitar
 76249 | Vaults:5 | Identified the +1 scimitar "Javvej" {antimagic, rC+ Int+5
                  | Dex+4} (You found it on level 5 of the Vaults)
 76459 | Vaults:5 | Reached XP level 27. HP: 202/256 MP: 26/33
 76673 | Vaults:5 | Got a translucent lead ring
 76675 | Vaults:5 | Identified the ring "Femiumpasom" {*Tele Int+4} (You found
                  | it on level 5 of the Vaults)
 76688 | Vaults:5 | Got a dazzling flail
 76690 | Vaults:5 | Identified the +7 flail of Traps {freeze, rF+ Int+5} (You
                  | found it on level 5 of the Vaults)
 77089 | Vaults:3 | Found a shimmering altar of Xom.
 77346 | Vaults:3 | Identified the amulet "Lenkiutt" {Faith rC+ rN+}
 77698 | Vaults:3 | Got a scintillating golden ring
 77700 | Vaults:3 | Identified the ring of Kimazid {*Slow rC+ rN+ MP+9 Str+4}
                  | (You found it on level 3 of the Vaults)
 77748 | Vaults:3 | Got a shimmering amber ring
 77749 | Vaults:3 | Identified the ring of Okawaru's Benevolence {*Drain rPois
                  | rC+++ MR+ Str+4} (You found it on level 3 of the Vaults)
 77942 | D:13     | Upgraded the game from 0.26-a0-490-gf8362a0 to
                  | 0.26-a0-504-g0cf6470
 78180 | Crypt:3  | Entered Level 3 of the Crypt
 78542 | Crypt:3  | Found a basalt altar of Yredelemnul.
 78787 | Crypt:3  | Found the ring of the Mage {Wiz MR++ Int+3}
 78845 | Crypt:3  | Noticed Mennas
 78869 | Crypt:3  | Killed Mennas
 78901 | Crypt:3  | Got a transparent brass amulet
 78903 | Crypt:3  | Identified the amulet of Freedom {RegenMP Dex+5} (You found
                  | it on level 3 of the Crypt)
 79300 | Crypt:3  | Found a staircase to the Tomb.
 79300 | Crypt:3  | Noticed an ancient lich
 79314 | Crypt:3  | Killed an ancient lich
 79339 | Crypt:3  | Got a flickering crystal amulet
 79342 | Crypt:3  | Identified the amulet "Lyvauho" {Reflect Dex+3 SH+5} (You
                  | found it on level 3 of the Crypt)
 79392 | Tomb:1   | Entered Level 1 of the Tomb of the Ancients
 79875 | Tomb:1   | Upgraded the game from 0.26-a0-504-g0cf6470 to
                  | 0.26-a0-519-gb2f46ef
 80818 | Hell     | Entered the Vestibule of Hell
 80818 | Hell     | Noticed Geryon
 81168 | Hell     | Killed Geryon
 81299 | Hell     | Found a gateway to the Iron City of Dis.
 81381 | Hell     | Found a gateway to the ashen valley of Gehenna.
 81451 | Hell     | Found a gateway to the decaying netherworld of Tartarus.
 81667 | Hell     | Found a gateway to the freezing wastes of Cocytus.
 81806 | Geh:1    | Entered Level 1 of Gehenna
 82629 | Geh:1    | You fall into a shaft and drop 1 floor!
 85439 | Geh:4    | Reached skill level 15 in Axes
 88212 | Geh:7    | Entered Level 7 of Gehenna
 88428 | Geh:7    | Reached skill level 15 in Short Blades
 89222 | Geh:7    | Acquired the ring of Gariuf Qem {rPois MR+ Int-2 Stlth+}
 89995 | Geh:7    | Identified the +7 sceptre of Asmodeus
 89995 | Geh:7    | Noticed Asmodeus
 90446 | Geh:7    | Killed Asmodeus
 90552 | Geh:7    | Got an obsidian rune of Zot
 90582 | Geh:7    | Got a black opal-encrusted ring mail
 90583 | Geh:7    | Identified the cursed +1 ring mail "Zelyzept" {rC+++ MR-
                  | rCorr Stlth+} (You found it on level 7 of Gehenna)
 90901 | Depths:1 | Voluntarily entered the Abyss.
 91500 | Abyss:3  | Lost intelligence.
 91648 | Abyss:3  | Gained mutation: You are frail. (-10% HP) [a neqoxec]
 91896 | Abyss:3  | Reached skill level 27 in Maces & Flails
 92399 | Abyss:3  | Gained mutation: Your spells are a little easier to cast,
                  | but a little less powerful. [a neqoxec]
 92503 | Abyss:5  | Entered Level 5 of the Abyss
 92615 | Abyss:5  | Found a corrupted altar of Lugonu.
 92717 | Abyss:5  | Found a corrupted altar of Lugonu.
 92768 | Abyss:5  | Found a corrupted altar of Lugonu.
 92814 | Abyss:5  | Found a corrupted altar of Lugonu.
 92937 | Abyss:5  | Lost mutation: You are frail. (-10% HP) [a neqoxec]
 92954 | Abyss:5  | Upgraded the game from 0.26-a0-519-gb2f46ef to
                  | 0.26-a0-524-g073066f
 93083 | Abyss:5  | Gained mutation: Your body sometimes deteriorates upon
                  | taking damage. [a neqoxec]
 93132 | Abyss:5  | Gained mutation: Armour fits poorly on your strangely
                  | shaped body. [a neqoxec]
 93165 | Abyss:5  | Paralysed by accursed screaming for 1 turns
 93362 | Abyss:5  | Paralysed by accursed screaming for 2 turns
 93385 | Abyss:5  | Lost intelligence.
 93478 | Abyss:5  | Lost intelligence.
 93495 | Abyss:5  | Lost mutation: Your spells are a little easier to cast, but
                  | a little less powerful. [potion of mutation]
 93495 | Abyss:5  | Lost mutation: Your body sometimes deteriorates upon taking
                  | damage. [potion of mutation]
 93495 | Abyss:5  | Gained mutation: Your muscles are strong. (Str +2) [potion
                  | of mutation]
 93495 | Abyss:5  | Gained mutation: You are partially covered in molten
                  | scales. (AC +2) [potion of mutation]
 93596 | Abyss:5  | Paralysed by accursed screaming for 1 turns
 93637 | Abyss:5  | Lost intelligence.
 93671 | Abyss:5  | Reached skill level 27 in Fighting
 93698 | Abyss:5  | Gained mutation: You are clumsy. (Dex -2) [a neqoxec]
 93709 | Depths:1 | Escaped the Abyss
 93790 | Depths:1 | Lost mutation: You are partially covered in molten scales.
                  | (AC +2) [potion of mutation]
 93790 | Depths:1 | Lost mutation: Armour fits poorly on your strangely shaped
                  | body. [potion of mutation]
 93790 | Depths:1 | Lost mutation: Your muscles are strong. (Str +2) [potion of
                  | mutation]
 93790 | Depths:1 | Lost mutation: You are clumsy. (Dex -2) [potion of
                  | mutation]
 93790 | Depths:1 | Gained mutation: Your mind is acute. (Int +2) [potion of
                  | mutation]
 93791 | Depths:1 | Lost mutation: Your mind is acute. (Int +2) [potion of
                  | mutation]
 93791 | Depths:1 | Gained mutation: You expend magic power (3 MP) to
                  | strengthen your wands. [potion of mutation]
 93791 | Depths:1 | Gained mutation: You have sharp toenails. [potion of
                  | mutation]
 93792 | Depths:1 | Lost mutation: You expend magic power (3 MP) to strengthen
                  | your wands. [potion of mutation]
 93792 | Depths:1 | Lost mutation: You have sharp toenails. [potion of
                  | mutation]
 93792 | Depths:1 | Gained mutation: Your body sometimes deteriorates upon
                  | taking damage. [potion of mutation]
 93792 | Depths:1 | Gained mutation: Your muscles are strong. (Str +2) [potion
                  | of mutation]
 93793 | Depths:1 | Lost mutation: Your body sometimes deteriorates upon taking
                  | damage. [potion of mutation]
 93793 | Depths:1 | Lost mutation: Your muscles are strong. (Str +2) [potion of
                  | mutation]
 93793 | Depths:1 | Gained mutation: Your magical capacity is very low. (-20%
                  | MP) [potion of mutation]
 93793 | Depths:1 | Gained mutation: You are very frail. (-20% HP) [potion of
                  | mutation]
 93793 | Depths:1 | Gained mutation: You have sharp toenails. [potion of
                  | mutation]
 93794 | Depths:1 | Lost mutation: You are very frail. (-20% HP) [potion of
                  | mutation]
 93794 | Depths:1 | Lost mutation: Your magical capacity is very low. (-20% MP)
                  | [potion of mutation]
 93794 | Depths:1 | Gained mutation: You have razor-sharp toenails. [potion of
                  | mutation]
 93796 | Depths:1 | Lost mutation: You have razor-sharp toenails. [potion of
                  | mutation]
 93796 | Depths:1 | Lost mutation: You have sharp toenails. [potion of
                  | mutation]
 93796 | Depths:1 | Gained mutation: You are surrounded by a mild repulsion
                  | field. (EV +2) [potion of mutation]
 94008 | Zot:1    | Entered Level 1 of the Realm of Zot
 94123 | Zot:1    | You fall into a shaft and drop 1 floor!
 94381 | Zot:2    | Found a transporter.
 94494 | Zot:4    | Noticed an orb of fire
 94843 | Zot:4    | Killed an orb of fire
 95023 | Zot:4    | Upgraded the game from 0.26-a0-524-g073066f to
                  | 0.26-a0-538-ge4b5d95
 95440 | Zot:5    | Entered Level 5 of the Realm of Zot
 95612 | Zot:5    | Got a pitted tin amulet
 95614 | Zot:5    | Identified the amulet "Dosoch" {Reflect MR+ Dex+2 SH+5}
                  | (You found it on level 5 of the Realm of Zot)
 95891 | Zot:5    | Noticed an ancient lich
 95901 | Zot:5    | Killed an ancient lich
 95926 | Zot:5    | Noticed an ancient lich
 95943 | Zot:5    | Noticed an orb of fire
 95945 | Zot:5    | Noticed an ancient lich
 95950 | Zot:5    | Killed an ancient lich
 95956 | Zot:5    | Gained mutation: You are weak. (Str -2) [an orb of fire]
 95964 | Zot:5    | Gained mutation: You are somewhat resistant to further
                  | mutation. [an orb of fire]
 95966 | Zot:5    | Noticed an orb of fire
 95968 | Zot:5    | Killed an orb of fire
 95972 | Zot:5    | Identified the +7 tower shield of Xani {rF+ rC+}
 95988 | Zot:5    | Gained mutation: You are very weak. (Str -4) [an orb of
                  | fire]
 95995 | Zot:5    | Gained mutation: You tend to lose your temper in combat.
                  | [an orb of fire]
 96003 | Zot:5    | Killed an orb of fire
 96009 | Zot:5    | Killed an ancient lich
 96356 | Zot:5    | Noticed an ancient lich
 96358 | Zot:5    | Noticed an orb of fire
 96369 | Zot:5    | Killed an ancient lich
 96375 | Zot:5    | Gained mutation: You occasionally shout uncontrollably at
                  | your foes. [an orb of fire]
 96376 | Zot:5    | Killed an orb of fire
 96400 | Zot:5    | Noticed an orb of fire
 96420 | Zot:5    | Killed an orb of fire
 96708 | Zot:5    | Got the Orb of Zot
 96717 | Zot:5    | Noticed an orb of fire
 96721 | Zot:5    | Noticed an orb of fire
 96722 | Zot:5    | Gained mutation: Armour fits poorly on your strangely
                  | shaped body. [an orb of fire]
 96749 | Zot:5    | Noticed Rilul the pandemonium lord
 96761 | Zot:5    | Gained mutation: You are partially covered in molten
                  | scales. (AC +2) [an orb of fire]
 96779 | Zot:5    | Gained mutation: You are dopey. (Int -2) [an orb of fire]
 96783 | Zot:5    | Noticed an orb of fire
 96786 | Zot:5    | HP: 5/272 [orb of fire/fireball (13)]
 96789 | Zot:5    | Killed Rilul the pandemonium lord
 96791 | Zot:5    | Gained mutation: You are occasionally teleported next to
                  | monsters. [an orb of fire]
 96793 | Zot:5    | The Shining One protects you from harm!
 96793 | Zot:5    | Killed from afar by an orb of fire

Illustrated notes

Levels and vault maps discovered:
D:1:      dpeg_arrival_tiny_e, layout_basic, st_stairs_1
D:2:      layout_basic, minmay_misc_feat_chi
D:3:      layout_rooms, uniq_ijyb
D:4:      kennysheep_big_flooded_room, layout_rooms, gup_ossuary_entry_pyramid,
          serial_shops, shop, corexii_checkpoint_b, uniq_edmund
D:5:      layout_basic, kennysheep_cross_room, minmay_fractal_squares_diagonal_5
D:6:      layout_loops_ring, kennysheep_little_box,
          grunt_temple_overflow_octagram, temple_pool_b, xom_confusion_cloud
D:7:      layout_cave_pools, serial_rivers, chequers_serial_rivers_marsh,
          chequers_serial_rivers_room_b, chequers_serial_rivers_room_a,
          chequers_serial_rivers_marsh, chequers_serial_rivers_small_3,
          chequers_serial_rivers_room_b, hangedman_decor_peaks_small,
          minmay_hollow_rounded_squares, uniq_joseph
D:8:      layout_basic, minmay_door_square,
          minmay_guarded_unrand_staff_of_olgreb
D:9:      layout_basic, minivault_15
D:10:     layout_basic, hiddenorc2_lemuel, uniq_fannar
D:11:     layout_basic, lair_entry_dummy
D:12:     layout_long_grid, special_room [special_room_orc],
          portal_ice_cave_entry_pillars_2, item_on_display_b, uniq_jorgrun,
          uniq_josephine, uniq_azrael
D:13:     layout_roguey, erik_vaults_2, minivault_26, uniq_kirke
D:14:     minmay_the_grid_square_5x5_4x4
          [minmay_the_grid_square_5x5_intrusive_squares,
          minmay_the_grid_square_5x5_c, minmay_the_grid_square_5x5_six_small,
          minmay_the_grid_square_5x5_inner_v,
          minmay_the_grid_square_5x5_checkered,
          minmay_the_grid_square_5x5_prize_open,
          minmay_the_grid_square_5x5_prize_monsterx,
          minmay_the_grid_square_5x5_seven,
          minmay_the_grid_square_5x5_two_walls_b,
          minmay_the_grid_square_5x5_prize_waves,
          minmay_the_grid_square_5x5_prize_pseudospiral,
          minmay_the_grid_square_5x5_dogpile, minmay_the_grid_square_5x5_bite,
          minmay_the_grid_square_5x5_three_walls,
          minmay_the_grid_square_5x5_eight,
          minmay_the_grid_square_5x5_checkered_statues], layout_cave_pools,
          basic_altar, tso_metal_star, lemuel_altar_in_water
D:15:     hangedman_depths_entry_try_elsewhere_first, layout_loops_ring,
          serial_shops, shop
Temple:   jpeg_temple_clearing
Lair:1:   layout_cave_pods, serial_bayou_shore_a, infiniplex_staircase_pool,
          lemuel_fruit_tree, serial_bayou_shore_b, uniq_maggie, uniq_gastronok
Lair:2:   layout_cave_shapes, minmay_lair_oklob_chamber
Lair:3:   wander_river, layout_big_grid, bobbens_dragon_lair_wall,
          uniq_prince_ribbit2, uniq_nergalle
Lair:4:   beast_lair_carwin_large_4, layout_hall_layers, swamp_mist,
          spider_nest_entry_funnel_web
Lair:5:   layout_cave_pods, minmay_lair_oklob_items, grunt_megastairs_1
Lair:6:   cheibrodos_lair_end_hotspot, layout_layer_cave, slime_altar_2
Swamp:1:  layout_falls_marsh, serial_swamp_ruin, evilmike_swamp_ruin_house_3,
          hangedman_swamp_ruin_hall, uniq_donald
Swamp:2:  layout_basic_swamp, evilmike_swamp_ruin_rubble_1, uniq_frances
Swamp:3:  layout_basic_swamp, evilmike_swamp_ruin_rubble_2, swamp_pool1,
          statue_in_the_mist_lemuel, st_swamp_ruins_3
Swamp:4:  swamp_icy, layout_basic_swamp, swamp_pool4
Spider:1: layout_spider_delve, uniq_rupert
Spider:2: layout_spider_delve, nicolae_spider_cling_ruins
Spider:3: layout_spider_delve
Spider:4: floodkiller_spider_rune_tomb, uniq_aizul, uniq_arachne, uniq_mara
Orc:1:    layout_caves, enter_bailey_6, serial_shops, shop,
          nicolae_shop_competitors_out_of_business
Orc:2:    kennysheep_orc_mage_school, layout_diamond_mine,
          chequers_guarded_unrand_ignorance, uniq_nessos
Elf:1:    eino_elf_arrival_shootout, layout_geoelf_diagonals, serial_shops,
          shop, gammafunk_ghost_wrathful_warriors, hangedman_elf_disciples,
          minmay_shop_grove
Elf:2:    layout_onion_city, serial_co_window_serial, co_window_paths_a,
          co_window_corner_a, co_window_corner_a, co_window_of_opportunity_a,
          co_window_paths_a, uniq_agnes, uniq_roxanne
Elf:3:    minmay_elf_hall_furrowed, layout_geoelf_castle, minivault_16
Vaults:1: vaults_room_fours, ontoclasm_vaults_idyll, v_misc_8,
          vaults_mumra_minichess, v_misc_25, ontoclasm_vaults_eye,
          layout_vaults_big_room
Vaults:2: ontoclasm_vaults_loading_screen, vaults_room_pool,
          nicolae_vaults_puzzle_piece, vaults_room_pools, sword_in_stone,
          v_misc_30, hangedman_vaults_unwind, hangedman_vaults_pinch,
          ontoclasm_vaults_claustrophobia, nicolae_vaults_border_crossing,
          v_misc_2, minmay_crypt_entry_simple_plaza, ontoclasm_vaults_tryst,
          nicolae_vaults_theta, nicolae_vaults_rhombus_5, layout_vaults_omnibox
Vaults:3: st_greater_box_5, vaults_mumra_hexcomb, dpeg_vaults_monster_box,
          ontoclasm_vaults_bender, nicolae_vaults_back_hallway, v_misc_25,
          v_misc_3, nicolae_vaults_little_squares_5, v_misc_11,
          layout_vaults_maze_snakey, basic_altar
Vaults:4: nicolae_vaults_theta, grunt_vaults_bifocal,
          nicolae_vaults_windows_and_doors_thing, vaults_room_octagon, v_misc_8,
          serial_ice_g, ontoclasm_vaults_shuriken, layout_vaults_omnigrid
Vaults:5: serial_shops
Crypt:1:  layout_chaotic_city, serial_glass, glass_columns_a, glass_columns_b,
          grunt_crypt_arrival_webbed, grunt_megastairs_3
Crypt:2:  layout_catacombs, uniq_bai_suzhen
Crypt:3:  grunt_crypt_end_deaths_head, uniq_mennas
Tomb:1
Depths:1: layout_cave_shapes, grunt_hell_entry_dis_grunt,
          minmay_room_of_horrors, kennysheep_decorative_pillar, lightli_minifort
Depths:2: vault_1, layout_gridlike, enter_trove_2, hell_entry, serial_shops,
          shop
Depths:3: cheibrodos_quadrivalence, layout_honeycomb,
          pf_vacation_house_of_asmodeus, minmay_misc_feat_more_columns,
          grunt_pan_entry_spiral
Depths:4: minmay_nested_s, layout_cave_pools, enter_ziggurat_e, hell_entry,
          abyss_entry, serial_shops, nicolae_shop_behind_doors,
          minmay_misc_feat_enclosed, nicolae_ashenzari_panopticon
Depths:5: grunt_twist_and_shout, layout_cave_pools, hell_entry,
          minmay_misc_feat_iff, minmay_misc_feat_pillars, minmay_pinched_square
Hell
Geh:1:    layout_gehenna_lava_caves
Geh:2:    layout_gehenna_pools_triple
Geh:3:    layout_gehenna_lava_caves
Geh:4:    layout_gehenna_pools_box
Geh:5:    layout_gehenna_pools_triple
Geh:6:    layout_gehenna_lava_caves
Geh:7:    geh_hangedman
Zot:1:    layout_cathedral_of_symmetry
Zot:2:    gammafunk_its_a_trap, layout_basic
Zot:3:    kennysheep_six_static_rooms, layout_cathedral_of_symmetry
Zot:4:    layout_onion_interference
Zot:5:    layout_concentric_octagons, st_stairs_6

Skill      XL: |  1  2  3  4  5  6  7  8  9 10 11 12 13 14 15 16 17 18 19 20 21 22 23 24 25 26 27 |
---------------+----------------------------------------------------------------------------------+-----
Fighting       | 4 5 6 7 8 9 11 12 13 14 16 17 18 19 20 21 22 27 | 27.0
Shields        | 4 5 6 7 9 10 11 12 13 14 15 17 18 19 20 21 24 | 24.9
Maces & Flails | 3 4 5 7 8 10 11 12 14 15 16 17 18 19 20 21 22 23 24 27 | 27.0
Dodging        | 1 2 3 4 5 6 7 8 9 10 11 12 13 14 15 16 17 18 19 20 23 | 23.5
Armour         | 4 5 6 7 8 9 10 11 12 13 14 15 16 17 18 22 | 22.4
Throwing       | 1 2 3 4 5 6 7 8 9 10 11 12 13 14 15 16 19 | 19.6
Short Blades   | 1 2 4 6 8 9 10 11 12 15 | 15.1
Invocations    | 1 3 5 6 7 8 9 10 11 12 13 14 15 19 | 19.3
Evocations     | 2 3 4 5 |  5.4
Axes           | 2 5 6 7 8 9 11 20 | 20.8
Stealth        | 1 2 |  2.6

Action                   |  1- 3 |  4- 6 |  7- 9 | 10-12 | 13-15 | 16-18 | 19-21 | 22-24 | 25-27 || total
-------------------------+-------+-------+-------+-------+-------+-------+-------+-------+-------++-------
Melee: Flail             |   108 |   205 |   305 |   694 |   615 |       |       |       |   294 ||  2221
       Headbutt          |    14 |    36 |    73 |   190 |   387 |   509 |   414 |   362 |  1558 ||  3543
       Unarmed           |       |     3 |       |       |       |       |       |       |       ||     3
       Dagger            |       |       |    70 |    12 |    33 |    12 |       |       |       ||   127
       Morningstar       |       |       |       |    32 |   112 |       |       |       |       ||   144
       Broad axe         |       |       |       |       |    88 |   672 |   247 |    50 |  1865 ||  2922
       Quick blade       |       |       |       |       |    11 |       |       |       |       ||    11
       Short sword       |       |       |       |       |     4 |       |       |       |       ||     4
       Eveningstar       |       |       |       |       |   676 |  1173 |   516 |   885 |  1353 ||  4603
       Sacred scourge    |       |       |       |       |       |       |   434 |    73 |   880 ||  1387
       Pair of quick bla |       |       |       |       |       |       |    97 |       |    37 ||   134
Throw: Dart              |       |       |    67 |    74 |    97 |    10 |       |    10 |     5 ||   263
       Javelin           |       |       |       |     9 |       |       |       |       |       ||     9
       Boomerang         |       |       |       |     4 |    32 |   128 |   217 |    43 |    32 ||   456
Invok: Heroism           |       |       |       |     4 |     2 |       |       |       |       ||     6
       Divine Shield     |       |       |       |       |       |     8 |     9 |    10 |    23 ||    50
       Summon Divine War |       |       |       |       |       |       |     3 |       |     7 ||    10
       Brand Weapon With |       |       |       |       |       |       |     1 |       |       ||     1
       Cleansing Flame   |       |       |       |       |       |       |     2 |       |     3 ||     5
 Abil: Evoke Flight      |       |       |       |       |     1 |       |     2 |       |     2 ||     5
       Evoke Berserk Rag |       |       |       |       |       |       |       |       |     1 ||     1
Evoke: Wand              |       |       |     6 |    11 |    15 |    12 |     7 |     8 |     8 ||    67
       Phantom mirror    |       |       |       |       |       |     1 |       |       |     2 ||     3
  Use: Potion            |     1 |     1 |     2 |     6 |     6 |    11 |     3 |     1 |    18 ||    49
       Scroll            |       |     4 |     8 |    13 |    13 |    21 |    13 |    17 |    42 ||   131
 Stab: Distracted        |       |       |       |     1 |     1 |       |       |       |       ||     2
       Petrified         |       |       |       |       |     7 |       |       |       |       ||     7
Armor: Scale mail        |    53 |    44 |       |       |       |       |       |       |       ||    97
       Chain mail        |       |    44 |   129 |   123 |       |       |       |       |       ||   296
       Plate armour      |       |       |       |   141 |   446 |       |       |       |       ||   587
       Acid dragon scale |       |       |       |       |     1 |       |       |       |       ||     1
       Quicksilver drago |       |       |       |       |    48 |   702 |   304 |   277 |   813 ||  2144
Dodge: Dodged            |    49 |    53 |    97 |   298 |   693 |  1456 |   790 |   801 |  2698 ||  6935
Block: Kite shield       |    62 |    96 |   181 |   223 |       |       |       |       |       ||   562
       Buckler           |       |       |       |   102 |   530 |  1480 |   784 |   903 |  3778 ||  7577
       Reflection        |       |       |       |       |       |    61 |    81 |    58 |   124 ||   324
       Other             |       |       |       |       |       |       |    84 |       |     1 ||    85

Table legend: (Time is in decaauts)
 A = Elapsed time spent in this place.
 B = Non-inter-level travel time spent in this place.
 C = Inter-level travel time spent in this place.
 D = Time resting spent in this place.
 E = Time spent auto-exploring this place.
 F = Levels seen in this place.
 G = Mean time per level.
                   A        B        C        D        E       F      G
               +--------+--------+--------+--------+--------+-----+--------+
         Total |  94282 |  90520 |   3762 |  21275 |  21795 |  77 | 1224.4 |
       Dungeon |  18402 |  17720 |    682 |   2548 |   6992 |  15 | 1226.8 |
        Temple |    167 |    134 |     33 |      0 |     64 |   1 |  167.0 |
          Lair |  11090 |  10708 |    382 |   3029 |   2827 |   6 | 1848.3 |
         Swamp |   6148 |   6016 |    132 |   2098 |   1892 |   4 | 1537.0 |
   Spider Nest |   5742 |   5531 |    211 |   1515 |   1749 |   4 | 1435.5 |
  Orcish Mines |   3320 |   3220 |    100 |    874 |    319 |   2 | 1660.0 |
   Elven Halls |   8761 |   8488 |    273 |   3284 |   1364 |   3 | 2920.3 |
        Vaults |   9942 |   9256 |    686 |   1597 |   2201 |   5 | 1988.4 |
         Crypt |   4486 |   4133 |    353 |    517 |    773 |   3 | 1495.3 |
          Tomb |    474 |    474 |      0 |    275 |      0 |   1 |  474.0 |
        Depths |   9547 |   8791 |    756 |   1872 |   1611 |   5 | 1909.4 |
          Hell |    793 |    793 |      0 |      0 |    124 |   1 |  793.0 |
       Gehenna |   8457 |   8305 |    152 |   1634 |   1651 |   7 | 1208.1 |
           Zot |   2689 |   2689 |      0 |   1075 |      0 |   5 |  537.8 |
         Abyss |   2613 |   2613 |      0 |    266 |    228 |   5 |  522.6 |
      Ziggurat |   1219 |   1219 |      0 |    519 |      0 |   9 |  135.4 |
       Ossuary |    423 |    423 |      0 |    169 |      0 |   1 |  423.0 |
               +--------+--------+--------+--------+--------+-----+--------+

Top non-repeatable levels by time:
   Elf:2: 3958 daAuts
  Lair:6: 2619 daAuts
   Elf:3: 2593 daAuts
Depths:4: 2570 daAuts
Depths:1: 2546 daAuts
Vaults:5: 2545 daAuts
 Swamp:3: 2427 daAuts
   Geh:7: 2412 daAuts
   Elf:1: 2209 daAuts
  Lair:1: 2188 daAuts
   Orc:2: 2107 daAuts
  Lair:3: 2071 daAuts
Vaults:3: 1988 daAuts
Vaults:2: 1870 daAuts
Vaults:1: 1803 daAuts
